 Dungeon Crawl Stone Soup version 0.22-a0-441-gcf5b0c6 (webtiles) character file.

14 HyperPerson7 the Ruffian (level 2, -1/23 HPs)
             Began as a Barachi Wanderer on May 30, 2018.
             Slain by a kobold
             ... wielding a +0 short sword
              (3 damage)
             ... on level 1 of the Dungeon.
             The game lasted 00:01:10 (469 turns).

HyperPerson7 the Ruffian (Barachi Wanderer)          Turns: 469, Time: 00:01:11

Health: -1/23      AC:  3    Str: 13    XL:     2   Next: 41%
Magic:  2/2        EV: 11    Int: 13    God:
Gold:   13         SH:  0    Dex: 10    Spells: 1/1 levels left

rFire    . . .     SeeInvis .   c - +0 falchion
rCold    . . .     Gourm    .   (no shield)
rNeg     . . .     Faith    .   e - +0 robe
rPois    .         Spirit   .   (no helmet)
rElec    .         Reflect  .   (no cloak)
rCorr    .         Harm     .   (no gloves)
MR       .....                  i - +0 pair of boots
Stlth    +.........             (no amulet)
HPRegen  0.07/turn              (no ring)
MPRegen  0.08/turn              (no ring)

@: can't hop, slow
A: +LOS, swims, slowness 1, strong legs 1
a: Hop


You were on level 1 of the Dungeon.
You were not hungry.

You visited 1 branch of the dungeon, and saw 1 of its levels.

You collected 13 gold pieces.

Inventory:

Hand Weapons
 c - a +0 falchion (weapon)
Armour
 e - a +0 robe (worn)
 i - a +0 pair of boots (worn)
Scrolls
 b - a scroll of fear
 g - 4 scrolls of identify {unknown}
Potions
 d - 2 potions of lignification {!q}
 f - a potion of haste
Comestibles
 a - a ration
 h - a chunk of flesh


   Skills:
 + Level 2.9 Fighting
 * Level 2.0 Long Blades
 - Level 2.4 Armour
 - Level 1.0 Stealth
   Level 1.1 Shields
 - Level 4.3 Unarmed Combat


You had one spell level left.
You didn't know any spells.
Your spell library was empty.

Dungeon Overview and Level Annotations

Branches:
Dungeon (1/15)

Altars:


Innate Abilities, Weirdness & Mutations

Shadows flee at your approach. (+LOS)
You can swim through water.
You cover ground slowly.
You can hop short distances.


Message History

A kobold comes into view. It is wielding a short sword.
The kobold shouts!
The kobold shouts!
Some of the chunks of flesh in your inventory have rotted away.
The kobold hits you with a short sword.
* * * LOW HITPOINT WARNING * * *
Things that are here:
a dagger; a kobold corpse The kobold hits you but does no damage.
You hit the kobold.
You kill the kobold!
Your Long Blades skill increases to level 2!
You barely miss the kobold. The kobold hits you with a short sword.
* * * LOW HITPOINT WARNING * * *
You closely miss the kobold. The kobold misses you.
You barely miss the kobold. The kobold completely misses you.
You hit the kobold but do no damage. The kobold hits you with a short sword.
* * * LOW HITPOINT WARNING * * *
You hit the kobold but do no damage. The kobold hits you with a short sword.
You die...

# #................# #
#######...............)#
#......................#
##......................#
##..............).......##
..........#.....#).....##
###.......#######.##.### #
#.......# ##K# .# #
#.......# #@.# .# #
#.......# #.## # #
#.......# ####.# #
#.......###....#
###..##..##.####
####...###.##.#
........##....#
......#.###..##
......#.##..... .#


You could see a kobold.

Vanquished Creatures
  A leopard gecko (D:1)
  A ball python (D:1)
  3 hobgoblins (D:1)
  4 kobolds (D:1)
  A bat (D:1)
  3 rats (D:1)
13 creatures vanquished.

Notes
Turn   | Place    | Note
-------+----------+-------------------------------------------
     0 | D:1      | HyperPerson7 the Barachi Wanderer began the quest for the Orb.
     0 | D:1      | HyperPerson7 set off with: a ration, a scroll of fear, a +0 falchion, a potion of lignification {!q}, a +0 robe, a potion of haste
     0 | D:1      | Reached XP level 1. HP: 17/17 MP: 1/1
    47 | D:1      | Reached skill level 1 in Long Blades
   240 | D:1      | Reached XP level 2. HP: 16/23 MP: 2/2
   468 | D:1      | HP: 1/23 [kobold/short sword (3)]
   469 | D:1      | Slain by a kobold

Vault maps used:
D:1:      minmay_arrival_checkered_box, minmay_fountain_box, minmay_tetromino_o4

Skill      XL: |  1  2 |
---------------+-------+-----
Long Blades    | 1 2 |  2.0
Fighting       | |  2.9
Armour         | |  2.4
Stealth        | |  1.0
Shields        | |  1.1
Unarmed Combat | |  4.3

Action                   || total
-------------------------++-------
Melee: Falchion          ||    33
 Abil: Hop               ||     1
Armor: Robe              ||     8
Dodge: Dodged            ||    18
       Rpst.: Falchion   ||     4

Table legend:
 A = Spawn XP
 B = Non-spawn XP
 C = Spawn XP percentage of total XP
 D = Spawn monster count
 E = Non-spawn monster count
 F = Spawn count percentage of total count
 G = Total turns spent on level
                    A         B        C        D         E        F      G
               +---------+---------+-------+---------+---------+-------+---------
         Total |       0 |      20 |   0.0 |       0 |      13 |   0.0 |   469
               +---------+---------+-------+---------+---------+-------+---------
           D:1 |       0 |      20 |   0.0 |       0 |      13 |   0.0 |   469
               +---------+---------+-------+---------+---------+-------+---------
